 Dungeon Crawl Stone Soup version 0.29.1-1-gd02db6906a (webtiles) character file.

Game seed: 625706167440166032

27997 avis the Carver (level 12, -1/159 HPs)
             Began as a Demigod Ice Elementalist on Oct 3, 2022.
             Shot with a bolt by a yaktaur (5 damage)
             ... in a volcano on Oct 17, 2022.
             The game lasted 02:17:53 (18315 turns).

avis the Carver (Demigod Ice Elementalist)         Turns: 18315, Time: 02:17:56

Health: -1/159     AC: 26    Str: 13    XL:     12   Next: 72%
Magic:  27/27      EV:  2    Int: 17    God:
Gold:   2779       SH:  0    Dex: 26    Spells: 8/15 levels left

rFire   + . .      SeeInvis .   b - +0 arbalest
rCold   . . .      Faith    .   (shield currently unavailable)
rNeg    . . .      Spirit   .   (body armour currently unavailable)
rPois   +          Reflect  .   (helmet currently unavailable)
rElec   .          Harm     .   (cloak currently unavailable)
rCorr   .          Rampage  .   (gloves currently unavailable)
Will    +....      NoTele   +   (boots currently unavailable)
Stlth   +.........              F - amulet of regeneration
HPRegen 1.16/turn               B - ring of Cueq {rPois MP+9}
MPRegen 0.20/turn               Z - ring of protection from fire

@: confused, tree-form, ambrosia-drunk, invisible
A: stationary, stasis, torment immunity, boosted hp, high MP 1, forlorn, divine
attributes
a: no special abilities


You were in a volcano.
You were a tree.
You visited 3 branches of the dungeon, and saw 15 of its levels.
You also visited: Volcano.

You collected 3093 gold pieces.
You spent 314 gold pieces at shops.

Inventory:

Hand Weapons
 a - the +6 falchion "Quurch" {vorpal, rElec rN+ Int+3 Dex-4}
   (You found it on level 1 of the Lair of Beasts)

   It inflicts extra damage upon your enemies.
   Int:       It affects your intelligence (+3).
   Dex:       It affects your dexterity (-4).
   rElec:     It insulates you from electricity.
   rN:        It protects you from negative energy.
 b - a +0 arbalest (weapon)
 w - a +5 great sword
 C - a +2 shortbow of flaming
Missiles
 x - 2 throwing nets
Armour
 n - +0 acid dragon scales (melded)
 r - the +1 helmet "Feemyh" (melded) {Fly rElec Int-4 Dex+4}
   (You found it on level 1 of the Lair of Beasts)

   Int:       It affects your intelligence (-4).
   Dex:       It affects your dexterity (+4).
   rElec:     It insulates you from electricity.
   Fly:       It grants you flight.
 u - a +0 pair of gloves (melded)
 M - a +0 cloak (melded)
Jewellery
 j - a +4 ring of protection
 k - a ring of ice
 l - a +4 ring of evasion
 o - a +6 ring of intelligence
 B - the ring of Cueq (left branch) {rPois MP+9}
   (You found it on level 4 of the Dungeon)

   [ring of poison resistance]

   rPois:     It protects you from poison.
   MP:        It affects your magic capacity (+9).
 F - an amulet of regeneration (around neck)
 Z - a ring of protection from fire (right branch)
Wands
 c - a wand of mindburst (7)
 d - a wand of roots (6)
 m - a wand of charming (5)
 z - a wand of polymorph (1)
 E - a wand of acid (9)
Scrolls
 e - 2 scrolls of butterflies
 g - a scroll of fear {unknown}
 h - a scroll of magic mapping {unknown}
 i - 8 scrolls of teleportation
 s - 4 scrolls of summoning
 t - 2 scrolls of enchant armour {unknown}
 v - a scroll of amnesia
 y - 3 scrolls of noise
 D - a scroll of blinking {unknown}
 J - 2 scrolls of enchant weapon {unknown}
 S - 2 scrolls of vulnerability {unknown}
 V - 2 scrolls of poison {unknown}
 W - 2 scrolls of immolation {unknown}
Potions
 p - a potion of ambrosia
 q - a potion of invisibility
 A - 4 potions of curing
 K - 5 potions of magic
 P - a potion of lignification
 X - a potion of might
Miscellaneous
 f - a phial of floods (inert)


   Skills:
 - Level 10.0 Fighting
 - Level 11.0 Long Blades
 * Level 10.6 Ranged Weapons
 - Level 2.0 Armour
 - Level 2.0 Dodging
 - Level 2.0 Stealth
 - Level 2.0 Spellcasting
 - Level 10.0 Ice Magic
 - Level 2.0 Evocations


You had 8 spell levels left.
You knew the following spells:

 Your Spells              Type           Power      Damage    Failure   Level
a - Freeze                Ice            100%       1d11      1%          1
f - Frozen Ramparts       Ice            70%        1d11      1%          3
o - Ozocubu's Armour      Ice            35%        N/A       1%          3

Your spell library contained the following spells:

 Spells                   Type           Power      Damage    Failure   Level
 Apportation              Tloc           2%         N/A       19%         1
 Necrotise                Necr           4%         1d4       19%         1
 Shock                    Conj/Air       4%         1d3       19%         1
 Sting                    Tmut/Pois      4%         1d3       19%         1
 Summon Small Mammal      Summ           4%         N/A       19%         1
 Hailstorm                Conj/Ice       18%        3d6       24%         4
 Poisonous Vapours        Pois/Air       2%         N/A       28%         2
 Call Canine Familiar     Summ           1%         N/A       50%         3
 Portal Projectile        Hex/Tloc       2%         N/A       50%         3
 Summon Guardian Golem    Hex/Summ       1%         N/A       50%         3
 Swiftness                Air            1%         N/A       50%         3
 Tukima's Dance           Hex            1%         N/A       50%         3
 Airstrike                Air            0%         2d(1-17)  88%         4
 Olgreb's Toxic Radiance  Pois           1%         N/A       88%         4
 Blade Hands              Tmut           0%         N/A       99%         5


Dungeon Overview and Level Annotations

Branches:
Dungeon (10/15)            Temple (1/1) D:7            Lair (4/5) D:10
 Shoals (0/4) Lair:2        Snake (0/4) Lair:2        Slime (0/5) Lair:4
    Orc (0/2) D:9         Volcano (1/1)

Shops:
D:2 *   D:7 [

Annotations:
D:6 exclusion: statue
Lair:4 exclusion: 3 oklob plants


Innate Abilities, Weirdness & Mutations

You are a tree.
Your roots penetrate the ground, keeping you stationary.
You cannot be teleported.
You are immune to unholy pain and torment.
Your maximum health is greatly increased.
Your equipment is partially melded.
You have an increased reservoir of magic. (+10% MP)
You shall have no god before yourself.
Your divine heritage dramatically boosts your attributes as you level up.


Message History

The yaktaur shoots a bolt.
The bolt barely misses you.
You are too confused!
b - a +0 arbalest (weapon)
The hell knight hits you but does no damage.
Non-targeted confused fire: b) +0 arbalest
Press: ? - help, Q - select action, (/) - cycle Dir - look around, f - activate Look: a yaktaur, wielding a +2 arbalest of flaming (moderately wounded)
You shoot a bolt.
The hell knight hits you from afar with a +1 halberd of flaming.
* * * LOW HITPOINT WARNING * * *
The yaktaur shoots a bolt.
The bolt hits you but does no damage.
The hell knight hits you from afar with a +1 halberd of flaming!
* * * LOW HITPOINT WARNING * * *
The hell knight burns you.
* * * LOW HITPOINT WARNING * * *
The yaktaur shoots a bolt.
The bolt hits you but does no damage. The heat melts your icy armour.
Non-targeted confused fire: b) +0 arbalest
Press: ? - help, Q - select action, (/) - cycle Dir - look around, f - activate Look: a yaktaur, wielding a +2 arbalest of flaming (moderately wounded)
You shoot a bolt.
The hell knight hits you from afar with a +1 halberd of flaming!
* * * LOW HITPOINT WARNING * * *
The hell knight burns you.
* * * LOW HITPOINT WARNING * * *
The hell knight hits you from afar with a +1 halberd of flaming.
* * * LOW HITPOINT WARNING * * *
The yaktaur shoots a bolt.
The bolt hits you.
* * * LOW HITPOINT WARNING * * *
The bolt burns you.
* * * LOW HITPOINT WARNING * * *
The heat melts your icy armour.
You fade into invisibility!
The hell knight invokes the aid of its god against you.
The bolt of fire hits you!
Your icy armour melts away.
You resist.
* * * LOW HITPOINT WARNING * * *
The yaktaur shoots a bolt.
The bolt hits you.
You die...

#≈§ #..'.[.!.+
≈≈§§##..'.._..+
≈≈≈≈#...#.....#
≈§§≈#...#######
≈§≈≈#...'!!.!$+
§§≈#.p.#.)≈..#
#.c)#8≈≈≈8#
#..♣..≈..+
#..'.....+
≈##†#8...8# #§
≈§###.....###§≈
§≈≈§≈.....≈§≈≈≈
#≈≈§≈8...8≈§§≈≈
###≈§§....≈§≈§§
#§≈§....≈≈≈##
##≈8...8≈≈≈#


You could see a hell knight (fast, unable to see you) and a yaktaur (unable to
see you).

Vanquished Creatures
  A centaur warrior (Volcano)
  A two-headed ogre (D:9)
  3 death yaks
  An oklob plant (Lair:1)
  3 elephants (Lair:1)
  6 black mambas (Lair:2)
  Maggie (D:9)
  6 cane toads
  A gargoyle (D:10)
  Psyche (D:8)
  2 rime drakes
  A yaktaur (Volcano)
  5 komodo dragons
  A troll (D:9)
  Prince Ribbit (D:5)
  4 blink frogs (Lair:3)
  A hornet (Lair:3)
  7 dream sheep (Lair:3)
  2 wyverns
  39 yaks
  2 basilisks
  3 steam dragons
  3 wargs (D:10)
  4 vampire mosquitoes (D:10)
  2 acid dragons (D:9)
  13 water moccasins
  5 orc warriors
  A sky beast (D:7)
  7 black bears
  An ogre (D:5)
  3 wolves (Lair:3)
  4 centaurs
  2 kobold brigands
  2 phantoms
  11 bullfrogs
  3 necrophages
  2 scorpions
  15 wights
  14 killer bees
  3 jellies
  10 orc priests
  A gnoll bouda (D:5)
  7 hounds
  7 orc wizards
  10 gnolls
  8 adders
  A shadow imp (D:7)
  5 white imps
  2 ufetubi
  A worm (D:5)
  A dart slug (D:4)
  29 orcs
  4 ball pythons
  10 endoplasms
  2 giant cockroaches
  6 goblins
  4 hobgoblins
  3 iguanas
  2 jackals (D:4)
  7 quokkas
  7 bats
  5 frilled lizards
  21 kobolds
  10 rats
  A bush (Lair:1)
  A butterfly (Lair:2)
352 creatures vanquished.

Vanquished Creatures (others)
  A bush (Lair:1)
  10 fungi
  51 plants
62 creatures vanquished.

Grand Total: 414 creatures vanquished

Notes
Turn   | Place    | Note
-------+----------+-------------------------------------------
     0 | D:1      | avis the Demigod Ice Elementalist began the quest for the
                  | Orb.
     0 | D:1      | Reached XP level 1. HP: 14/14 MP: 5/5
   523 | D:1      | Reached XP level 2. HP: 16/20 MP: 5/7
  1454 | D:1      | Reached XP level 3. HP: 11/26 MP: 3/8
  1741 | D:2      | Learned a level 3 spell: Ozocubu's Armour
  2011 | D:2      | Reached skill level 5 in Ice Magic
  2094 | D:2      | Reached XP level 4. HP: 32/33 MP: 5/9
  2289 | D:2      | Found Igupnorch's Assorted Antiques.
  2875 | D:3      | Learned a level 3 spell: Frozen Ramparts
  3504 | D:3      | Reached XP level 5. HP: 37/38 MP: 4/10
  3603 | D:3      | Reached skill level 1 in Fighting
  3960 | D:4      | Reached XP level 6. HP: 24/50 MP: 7/11
  4123 | D:4      | Identified the ring of Cueq {rPois MP+9}
  5235 | D:5      | Entered Level 5 of the Dungeon
  5524 | D:5      | Reached XP level 7. HP: 55/58 MP: 13/13
  5775 | D:5      | Noticed Prince Ribbit
  5782 | D:5      | Reached skill level 5 in Fighting
  5804 | D:5      | Killed Prince Ribbit
  6665 | D:6      | Reached XP level 8. HP: 59/71 MP: 11/14
  8000 | D:7      | Found Zasi Dut's Armour Emporium.
  8111 | D:7      | Reached skill level 1 in Ranged Weapons
  8242 | D:7      | Reached XP level 9. HP: 26/76 MP: 10/15
  8849 | D:7      | Found a staircase to the Ecumenical Temple.
  9126 | Temple   | Entered the Ecumenical Temple
  9239 | D:8      | Found Zin's Purification Station.
  9250 | D:8      | Bought a potion of curing for 90 gold pieces
  9489 | D:8      | Reached skill level 5 in Ranged Weapons
  9589 | D:8      | Noticed Psyche
  9603 | D:8      | Killed Psyche
 10480 | D:9      | Reached skill level 1 in Long Blades
 10481 | D:9      | Reached skill level 2 in Long Blades
 10481 | D:9      | Reached XP level 10. HP: 71/91 MP: 16/16
 10511 | D:9      | Reached skill level 3 in Long Blades
 10740 | D:9      | Reached skill level 4 in Long Blades
 11053 | D:9      | Noticed Maggie
 11054 | D:9      | Reached skill level 5 in Long Blades
 11072 | D:9      | Killed Maggie
 11225 | D:9      | Reached skill level 6 in Long Blades
 11285 | D:9      | Noticed a two-headed ogre
 11293 | D:9      | Killed a two-headed ogre
 11294 | D:9      | Reached skill level 7 in Long Blades
 11331 | D:9      | Found a staircase to the Orcish Mines.
 11598 | D:10     | Entered Level 10 of the Dungeon
 11845 | D:10     | Reached skill level 8 in Long Blades
 12047 | D:10     | Found a staircase to the Lair.
 12118 | D:10     | Reached XP level 11. HP: 97/97 MP: 17/17
 12870 | Lair:1   | Entered Level 1 of the Lair of Beasts
 13217 | Lair:1   | Identified the +1 helmet "Feemyh" {Fly rElec Int-4 Dex+4}
 13287 | Lair:1   | Reached skill level 10 in Ranged Weapons
 14178 | Lair:1   | Identified the +6 falchion "Quurch" {vorpal, rElec rN+
                  | Int+3 Dex-4}
 15005 | Lair:2   | Noticed a death yak
 15005 | Lair:2   | Noticed a death yak
 15005 | Lair:2   | Noticed a death yak
 15027 | Lair:1   | Killed a death yak
 15140 | Lair:2   | Reached skill level 10 in Ice Magic
 15241 | Lair:2   | Found a staircase to the Shoals.
 15489 | Lair:2   | Identified 2 scrolls of acquirement
 15490 | Lair:2   | Acquired 1020 gold pieces
 15492 | Lair:2   | Acquired 1149 gold pieces
 15572 | Lair:2   | Found a staircase to the Snake Pit.
 15590 | Lair:2   | Reached skill level 9 in Long Blades
 15763 | Lair:2   | Reached XP level 12. HP: 104/104 MP: 18/18
 15920 | Lair:2   | Reached skill level 10 in Long Blades
 16477 | D:2      | Bought a scroll labelled CUGITU BEWONEI for 28 gold pieces
 16477 | D:2      | Bought a scroll labelled PYSIRO NIWNYQA for 28 gold pieces
 16477 | D:2      | Bought a scroll of identify for 56 gold pieces
 16478 | D:2      | Bought a worn silver wand for 112 gold pieces
 16911 | Lair:2   | Reached skill level 10 in Fighting
 17027 | Lair:3   | Reached skill level 1 in Evocations
 17167 | Lair:3   | Reached skill level 1 in Armour
 17317 | Lair:3   | Reached skill level 11 in Long Blades
 17992 | Lair:3   | You are sucked into a shaft and drop 1 floor!
 18111 | Lair:4   | Found a staircase to the Slime Pits.
 18141 | Lair:4   | Found a dark tunnel.
 18149 | Volcano  | Entered a volcano
 18165 | Volcano  | Noticed a centaur warrior
 18173 | Volcano  | Killed a centaur warrior
 18315 | Volcano  | HP: 4/159 [hell knight/bolt of fire (14)]
 18315 | Volcano  | Shot with a bolt by a yaktaur

Illustrated notes

Levels and vault maps discovered:
D:1:      lightli_arrival_farm, layout_basic, minmay_rat_gold_closets
D:2:      layout_basic, serial_shops, shop,
          shapermc_ecumenical_altar_mp_vishouse, minmay_fractal_squares_5
D:3:      layout_rooms, dk_xom_monty_hall, nicolae_hepliaklqana_hazy_memory,
          okawaru_altar_gauntlet_db
D:4:      layout_loops_ring, fountainhead, st_stairs_12, grunt_ministairs_13,
          kennysheep_generic_room_11
D:5:      layout_basic, hangedman_minor_gate_pass, uniq_prince_ribbit1
D:6:      layout_gridville, vehumet_statue
D:7:      layout_layer_cave, minmay_temple_entry_poolview, serial_shops, shop,
          kennysheep_generic_room_15
D:8:      layout_basic, zin_purify, grunt_temple_overflow_holy_war, uniq_psyche
D:9:      layout_roguey, nzn_wu_jian_council_hall,
          ashenzari_conservatory_becter, minmay_orc_entry_temple_small,
          uniq_maggie
D:10:     layout_roguey, erik_lair_orcish_takeover
Temple:   dshaligram_water_room_temple
Lair:1:   layout_cave_pods, minmay_lair_oklob_items, nicolae_lair_grazing_beasts
          [nicolae_sub_lair_graze_edge, nicolae_sub_lair_graze_edge,
          nicolae_sub_lair_graze_edge, nicolae_sub_lair_graze_edge]
Lair:2:   layout_cellular_growth, shoals_dummy_entry,
          minmay_snake_entry_six_corridors, grunt_megastairs_3,
          lemuel_fruit_fields, infiniplex_staircase_pool_2
Lair:3:   layout_hall_layers, beast_lair_carwin_8, lemuel_fruit_tree
Lair:4:   layout_cave_pods, minmay_slime_entry_oklob_open, enter_volcano_4
Volcano:  kennysheep_volcano_temple

Skill      XL: |  1  2  3  4  5  6  7  8  9 10 11 12 |
---------------+-------------------------------------+-----
Spellcasting   | 2 |  2.0
Ice Magic      | 4 5 6 7 10 | 10.0
Fighting       | 2 3 6 9 10 | 10.0
Dodging        | 2 |  2.0
Stealth        | 2 |  2.0
Ranged Weapons | 3 8 10 | 10.6
Long Blades    | 2 8 9 11 | 11.0
Evocations     | 2 |  2.0
Armour         | 2 |  2.0

Action                   |  1- 3 |  4- 6 |  7- 9 | 10-12 || total
-------------------------+-------+-------+-------+-------++-------
Melee: Dagger            |       |    87 |   170 |       ||   257
       Punch             |       |       |     6 |     5 ||    11
       Great sword       |       |       |    21 |     3 ||    24
       Scimitar          |       |       |    18 |   131 ||   149
       Falchion          |       |       |       |   140 ||   140
 Fire: Sling             |       |       |   127 |       ||   127
       Shortbow          |       |       |     4 |   292 ||   296
       Arbalest          |       |       |       |   119 ||   119
 Cast: Freeze            |    64 |    50 |    12 |       ||   126
       Frozen Ramparts   |       |    18 |    51 |    69 ||   138
       Ozocubu's Armour  |       |    10 |    42 |    67 ||   119
Evoke: Wand              |       |       |       |     4 ||     4
       Phial of floods   |       |       |       |     1 ||     1
  Use: Scroll            |       |       |     7 |    13 ||    20
       Potion            |       |       |       |     9 ||     9
 Stab: Sleeping          |       |     4 |     3 |     1 ||     8
Armor: Robe              |    12 |    51 |   103 |       ||   166
       Leather armour    |       |       |    31 |       ||    31
       Steam dragon scal |       |       |    17 |    32 ||    49
       Acid dragon scale |       |       |       |   179 ||   179
       Skin              |       |       |       |     8 ||     8
Dodge: Dodged            |    26 |    57 |   219 |   264 ||   566
